AoeStats
← BigAttack

Arabia

509466221Analyzed
2v2 RM · 6d ago on Sep 26, 2026· 48m 7s· 4 players
Game mode
Random Map
Map size
Medium (4 player)
Population
200
Speed
Normal
Resources
Standard
Victory
Conquest
Starting age
Dark Age
Ending age
Imperial Age
RankedLock teamsTeams togetherTeam positionsShared explorationLock speedFull tech treeHidden civsTurbo modeCheats
Victory
Defeat
🇪🇸 Britons · Spain
878
+15
🇪🇸 Franks · Spain
870
+15
🇩🇪 Celts · Germany
863
-15
🇩🇪 Ethiopians · Germany
856
-15
BigAttack
11:51 Feudal Age
12:22 Double-Bit Axe
12:57 Horse Collar
12:48 Man-at-Arms
18:03 Wheelbarrow
18:54 Scale Mail Armor
18:52 Gold Mining
22:58 Castle Age
21:58 Stone Mining
23:04 Long Swordsman
24:03 Chain Mail Armor
25:00 Forging
24:39 Gambesons
25:51 Bow Saw
25:43 Heavy Plow
28:14 Gold Shaft Mining
32:22 Arson
36:55 Hand Cart
36:26 Town Watch
41:39 Imperial Age
40:57 Town Patrol
42:11 Iron Casting
41:42 Two-Handed Swordsman
41:45 Capped Ram
44:44 Blast Furnace
43:51 Champion
Kingslayer
13:01 Feudal Age
14:27 Wheelbarrow
16:54 Double-Bit Axe
17:08 Loom
17:09 Town Watch
23:53 Castle Age
23:01 Horse Collar
23:38 Fletching
24:01 Forging
25:49 Bow Saw
27:26 Crossbowman
29:00 Scale Mail Armor
29:06 Heavy Plow
30:47 Hand Cart
31:48 Gold Mining
31:53 Stone Mining
33:03 Squires
33:58 Iron Casting
33:38 Bodkin Arrow
36:02 Elite Skirmisher
41:09 Imperial Age
BosEngel
2:59 Loom
9:34 Feudal Age
18:04 Horse Collar
18:15 Gold Mining
18:17 Stone Mining
21:49 Castle Age
20:39 Fletching
21:04 Loom
21:54 Double-Bit Axe
22:04 Gold Mining
23:21 Wheelbarrow
22:33 Loom
22:52 Padded Archer Armor
22:47 Bodkin Arrow
23:46 Bow Saw
23:38 Heavy Plow
25:28 Leather Archer Armor
26:18 Wheelbarrow
25:32 Town Watch
26:48 Husbandry
27:34 Town Patrol
29:25 Gold Shaft Mining
30:25 Hand Cart
31:31 Ballistics
36:11 Imperial Age
35:24 Yeomen
39:00 Chemistry
38:32 Ring Archer Armor
44:50 Bracer
45:21 Elite Longbowman
46:26 Conscription
Entropia
7:54 Loom
9:52 Feudal Age
11:10 Double-Bit Axe
17:27 Forging
19:21 Wheelbarrow
22:27 Castle Age
21:32 Gold Mining
25:02 Husbandry
26:23 Scale Barding Armor
28:21 Iron Casting
32:25 Bow Saw
32:52 Gold Shaft Mining
40:12 Wheelbarrow
44:47 Imperial Age
43:37 Scale Mail Armor
45:07 Cavalier
Connection lost

Rejoining the realm…

Still unreachable

The connection could not be restored.

Session expired

The server has moved on; the page needs a fresh start.